 Dungeon Crawl Stone Soup version 0.18.1-47-g9310371 (webtiles) character file.

231 FrancescoMac the Skirmisher (level 5, -24/34 HPs)
             Began as a Demonspawn Chaos Knight on June 22, 2016.
             Annihilated by a phantasmal warrior (27 damage)
             ... summoned by a lich
             ... on level 3 of the Abyss.
             The game lasted 00:11:44 (2618 turns).

FrancescoMac the Skirmisher (DsCK)                  Turns: 2618, Time: 00:11:45

Health: -24/34     AC: 10    Str: 12 (13) XL:     5   Next: 72%
Magic:  0/5        EV: 15    Int: 14      God:    Xom [....*.]
Gold:   143        SH:  0    Dex:  8      Spells: 0 memorised, 4 levels left

rFire  . . .     SeeInvis .     a - +0 spear (chaos)
rCold  + . .     Gourm    .     p - +0 ring mail (curse)
rNeg   . . .     Faith    .     (no shield)
rPois  .         Spirit   +     n - +0 helmet
rElec  .         Dismiss  .     (no cloak)
rCorr  .         Reflect  .     s - +0 pair of gloves
SustAt .         Harm     .     f - +1 pair of boots {Stlth+}
MR     +....                    k - amulet of guardian spirit
Stlth  +.........               i - ring of protection from magic
                                e - +5 ring of evasion

@: about to teleport, drained, somewhat resistant to hostile enchantments, very
unstealthy
A: rugged brown scales 1, blurry vision 2, clumsy 2, cold resistance 1,
deterioration 2, frail 2, rot immunity, freezing cloud immunity, MP-powered
wands
a: Renounce Religion


You were on level 3 of the Abyss.
You worshipped Xom.
You were a beloved toy of Xom.
You were not hungry.

You visited 1 branch of the dungeon, and saw 3 of its levels.
You visited the Abyss 1 time.

You collected 143 gold pieces.

Inventory:

Hand Weapons
 a - a +0 spear of chaos (weapon)
 z - a +0 rapier of holy wrath
 A - a +0 glaive
Missiles
 d - 3 tomahawks (quivered)
 l - a throwing net
Armour
 b - a +2 leather armour
 f - a +1 pair of boots of stealth (worn)
 n - a +0 helmet (worn)
 p - a cursed +0 ring mail (worn)
 s - a +0 pair of gloves (worn)
 C - a +0 pair of boots
Jewellery
 e - a +5 ring of evasion (left hand)
 i - a ring of protection from magic (right hand)
 k - an amulet of guardian spirit (around neck)
 o - an uncursed ring of ice
 u - an uncursed ring of magical power {unknown}
Scrolls
 j - a scroll of noise
 w - a scroll of remove curse {unknown}
 x - a scroll of fog {unknown}
 y - a scroll of identify
 B - a scroll of enchant weapon {unknown}
Potions
 g - a potion of curing
 h - a potion of might {unknown}
 m - a potion of heal wounds
 r - a potion of haste {unknown}
 t - a potion of flight {unknown}
Comestibles
 c - 3 bread rations
 q - a meat ration


   Skills:
 + Level 4.0(3.4) Fighting
 + Level 3.6(3.0) Polearms
 + Level 1.6(1.0) Throwing
 + Level 2.8(2.1) Armour
 + Level 2.4(1.8) Dodging


You had 4 spell levels left.
You didn't know any spells.

Dungeon Overview and Level Annotations

Branches:
Dungeon (3/15)

Altars:
Qazlal
Xom


Innate Abilities, Weirdness & Mutations

You are partially covered in rugged brown scales (AC +1, +3% HP).
Your flesh is cold resistant.
You are immune to rotting.
You are immune to freezing clouds.
[Scrolls take you longer to read.]
[You are very clumsy. (Dex -4)]
[Your body often deteriorates upon taking damage.]
[You are very frail (-20% HP).]
[You expend magic power (3 MP) to strengthen your wands.]


Message History

You feel your magical essence link to your wands.
Read which item? (? for menu, Esc to quit)
Really read with blurry vision while enemies are nearby?
Something barely misses you.
You begin reading the scroll.
You continue reading the scroll.
The white imp shouts!
You hear some strange, mumbled words.
You feel haunted.
As you read the scroll of teleportation, it crumbles to dust.
You feel strangely unstable.
You feel the power of the Abyss delaying your translocation!
You closely miss something. Something touches you!
* * * LOW HITPOINT WARNING * * *
Xom roars with laughter!
Your body deteriorates!
You feel weakened.
You feel drained.
* * * LOW HITPOINT WARNING * * *
The phantasmal warrior hits you!!
Ouch! That really hurt!
You die...
Xom chortles!

. . .### #.#
..#.# . .._. ..
##.. ## #
#.#.#### ... #.W
#.# ## ..ยง*..
#.W#..# ..# #.L.
. #.@{.# ##.##..
. # ##**.### .#
.#. . #...#.....
#.## .#
#_.._.##.#_.#L...
# #.#.#.# ## ..#
....#.. #.(..#..
# ####..... .
##.#.##..
##..##.. . ##.
.## #...#. .... .
## ... ...#


You could see 2 wretched stars, a phantasmal warrior and a wraith.

Vanquished Creatures
  2 orc priests (D:3)
  An orc wizard (D:3)
  Robin (D:2)
  A gnoll (D:3)
  4 adders
  A river rat (D:3)
  An ooze (D:3)
  7 orcs (D:3)
  A ball python (D:2)
  6 bats
  2 giant cockroaches
  15 goblins
  10 hobgoblins
  7 kobolds
  3 quokkas
  4 giant newts
  5 rats
71 creatures vanquished.

Notes
Turn   | Place    | Note
--------------------------------------------------------------
     0 | D:1      | FrancescoMac the Demonspawn Chaos Knight began the quest for the Orb.
     0 | D:1      | Reached XP level 1. HP: 18/18 MP: 1/1
    85 | D:1      | XOM: divination: magic mapping
   128 | D:1      | Reached skill level 1 in Dodging
   199 | D:1      | Gained mutation: Your flesh is cold resistant. [demonic ancestry]
   199 | D:1      | Reached XP level 2. HP: 22/24 MP: 2/2
   298 | D:1      | XOM: harmless Ice miscast
   441 | D:1      | XOM: enchant monster (bad)
   710 | D:2      | Noticed Robin
   720 | D:2      | Gained mutation: You are immune to rotting. [demonic ancestry]
   720 | D:2      | Reached XP level 3. HP: 18/29 MP: 3/3
   723 | D:2      | Reached skill level 1 in Throwing
   728 | D:2      | Killed Robin
  1225 | D:2      | Gained mutation: You are partially covered in rugged brown scales (AC +1, +3% HP). [demonic ancestry]
  1225 | D:2      | Reached XP level 4. HP: 24/36 MP: 4/4
  1234 | D:2      | XOM: colour smoke trail
  1518 | D:3      | XOM: 1-stop teleportation journey
  1555 | D:3      | XOM: polymorph goblin -> river rat
  1565 | D:3      | XOM: severe Fire miscast
  1586 | D:3      | Gained mutation: You are immune to freezing clouds. [demonic ancestry]
  1586 | D:3      | Reached XP level 5. HP: 25/43 MP: 2/5
  1591 | D:3      | XOM: polymorph orc wizard -> sheep
  1593 | D:3      | XOM: 2-stop teleportation journey
  1629 | D:3      | XOM: scenery: create altars
  1900 | D:3      | Found a stormy altar of Qazlal.
  2192 | D:3      | XOM: cast spell 'Dispersal'
  2200 | D:3      | Reached skill level 4 in Fighting
  2203 | D:3      | XOM: 8-stop teleportation journey
  2456 | D:3      | XOM: medium Tloc miscast
  2456 | D:3      | Cast into level 2 of the Abyss (the capriciousness of Xom)
  2548 | Abyss:2  | Noticed a small abomination
  2587 | Abyss:3  | XOM: scenery: create altars
  2593 | Abyss:3  | Noticed a wretched star
  2593 | Abyss:3  | Noticed a lich
  2607 | Abyss:3  | XOM: scenery: create altars
  2608 | Abyss:3  | Noticed a wretched star
  2618 | Abyss:3  | Noticed a phantasmal warrior
  2618 | Abyss:3  | Noticed a wraith
  2618 | Abyss:3  | Annihilated by a phantasmal warrior

Skill      XL: |  1  2  3  4  5 |
---------------+----------------+-----
Dodging        | 1 2 |  2.4
Throwing       | 1 |  1.6
Armour         | 2 |  2.8
Polearms       | 3 |  3.6
Fighting       | 4 |  4.0

Action                   |  1- 3 |  4- 6 || total
-------------------------+-------+-------++-------
Melee: Spear             |   137 |   118 ||   255
Throw: Tomahawk          |       |     2 ||     2
  Use: Scroll            |       |     5 ||     5
       Potion            |       |     1 ||     1
 Stab: Sleeping          |     2 |     1 ||     3
       Distracted        |       |     1 ||     1
  Eat: Royal jelly       |     1 |       ||     1
       Chunk             |       |     2 ||     2
       Beef jerky        |       |     1 ||     1
Armor: Leather armour    |    40 |       ||    40
       Ring mail         |       |    17 ||    17
Dodge: Dodged            |    47 |    79 ||   126
